Map: Lost and Found LE

Players

SEAL

  • Race: Protoss Protoss
  • League: Diamond
  • Spawn Location: 1:00

SpaceOrc - Winner!

  • Race: Terran Terran
  • League: Diamond
  • Spawn Location: 7:00

VOD

Have the link to the VOD?

Description

Time

  • Played on: May 27, 2018, 3:17 a.m.
  • Length: 15:59
Show
View Real Time Build Order
Export as new Build Order

SEAL Protoss 

Build Orders: 1 Gate Expand, Zealot Archon, Dark Templar Rush 

Get SALT Encoding   

  1  0:00  Probe  
  12  0:05  Probe  
  14  0:15  Probe  
  15  0:23  Pylon  
  15  0:41  Probe  
  16  0:45  Gateway  
  16  0:52  Probe  
  17  0:57  Assimilator  
  17  1:00  Assimilator, Probe  
  17  1:09  Probe  
  19  1:20  Probe  
  20  1:29  Nexus  
  20  1:41  Cybernetics Core  
  20  1:51  Pylon  
  20  1:53  Probe  
  21  2:02  Probe  
  22  2:10  Probe  
  23  2:17  Adept  
  23  2:18  Warp Gate  
  23  2:21  Probe  
  25  2:23  Pylon  
  26  2:34  Probe  
  27  2:37  Assimilator  
  27  2:39  Probe  
  27  2:46  Probe  
  27  2:47  Probe  
  28  2:56  Probe  
  28  2:57  Probe  
  28  3:04  Probe  
  29  3:09  Probe  
  29  3:10  Twilight Council  
  29  3:12  Probe  
  31  3:18  Assimilator  
  32  3:21  Probe  
  32  3:24  Probe  
  32  3:25  Adept  
  36  3:33  Probe  
  37  3:36  Probe  
  37  3:41  Probe  
  39  3:48  Probe  
  39  3:49  Probe  
  39  3:54  Templar Archives  
  41  3:58  Probe  
  41  3:59  Dark Shrine  
  41  4:00  Probe  
  41  4:02  Resonating Glaives  
  43  4:06  Probe  
  43  4:12  Probe  
  43  4:14  Probe  
  45  4:22  Pylon  
  46  4:25  Probe  
  46  4:26  Probe  
  46  4:29  Psionic Storm  
  48  4:32  High Templar  
  48  4:37  Probe  
  51  4:38  Gateway  
  51  4:44  Forge  
  51  4:48  Pylon  
  51  4:51  Probe  
  52  4:53  Pylon  
  50  5:07  Gateway  
  50  5:14  High Templar  
  52  5:18  Nexus  
  52  5:23  Pylon  
  52  5:27  Assimilator, Gateway  
  51  5:38  Gateway  
  50  5:44  Gateway  
  50  5:47  High Templar  
  50  5:48  High Templar  
  43  6:04  Archon  
  26  6:11  Gateway  
  26  6:13  Gateway  
  26  6:14  Dark Templar  
  20  6:19  Pylon  
  20  6:26  Dark Templar x2  
  22  6:36  Dark Templar x2  
  26  6:50  Probe  
  27  7:01  Dark Templar  
  27  7:02  High Templar, Probe  
  27  7:08  Probe  
  33  7:12  High Templar  
  33  7:16  Probe  
  34  7:25  Probe  
  35  7:33  High Templar  
  35  7:34  Probe  
  35  7:35  High Templar  
  35  7:37  Probe  
  41  7:45  Probe  
  41  7:49  Probe  
  43  7:53  Probe  
  43  7:54  Assimilator  
  44  8:03  Probe  
  45  8:14  Probe  
  46  8:22  Probe  
  45  8:30  Probe  
  45  8:31  Nexus  
  46  8:41  Assimilator  
  46  8:42  Probe  
  46  8:43  Assimilator  
  46  8:48  High Templar  
  49  8:50  High Templar  
  49  8:51  Probe  
  52  8:59  Probe  
  52  9:01  High Templar  
  54  9:03  Protoss Shields Level 1  
  54  9:08  Probe  
  55  9:11  High Templar  
  58  9:20  High Templar  
  58  9:27  Zealot, High Templar  
  62  9:38  Pylon  
  62  9:40  Probe  
  62  9:43  High Templar  
  65  9:48  Probe  
  62  9:58  Probe  
  57  10:06  Archon, Probe  
  48  10:13  High Templar x3  
  53  10:15  Probe  
  53  10:17  Probe  
  55  10:23  Probe  
  55  10:25  Probe  
  55  10:26  Nexus  
  57  10:31  Probe  
  57  10:34  Probe  
  55  10:40  High Templar x3  
  55  10:42  Pylon  
  63  10:49  Assimilator, Probe  
  63  10:51  Assimilator  
  63  11:01  Probe  
  63  11:03  Archon  
  62  11:07  Dark Templar x2  
  61  11:11  High Templar  
  61  11:12  Zealot  
  61  11:13  Zealot  
  65  11:23  High Templar x2  
  59  11:40  Dark Templar  
  59  11:42  Zealot x3  
  59  11:44  Archon  
  64  11:50  Dark Templar  
  66  11:57  Zealot x2  
  68  12:04  Dark Templar  
  48  12:19  Archon  
  48  12:20  High Templar, Probe  
  48  12:26  Probe  
  48  12:27  Probe  
  48  12:28  Probe  
  51  12:36  Probe  
  52  12:37  Probe  
  52  12:44  Probe  
  54  12:45  Probe  
  54  12:47  Probe  
  57  12:52  Probe  
  57  12:53  Probe  
  55  13:04  Probe  
  55  13:05  High Templar x4  
  60  13:09  Zealot x2  
  59  13:16  Probe  
  59  13:24  Nexus  
  59  13:27  High Templar  
  54  13:31  Pylon  
  53  13:40  High Templar x2  
  53  13:41  Zealot x3  
  50  14:04  High Templar  
  50  14:08  High Templar  
  52  14:10  Zealot x2  
  56  14:22  High Templar  
  58  14:28  Nexus  
  50  14:31  Assimilator  
  50  14:36  Assimilator  
  31  14:46  Archon x2, Pylon  
  31  14:49  Dark Templar  
  31  14:50  Zealot x2  
  31  14:51  Zealot  
  31  15:04  Probe  
  31  15:12  Probe  
  32  15:16  Templar Archives  
  32  15:18  Gateway  
  32  15:20  Probe  
  34  15:28  Probe  
  35  15:36  Probe  
Show
View Real Time Build Order
Export as new Build Order

SpaceOrc Terran - Winner!

Build Orders: Reaper Expand, MMM Bio 

Get SALT Encoding   

  12  0:00  SCV  
  13  0:13  SCV  
  14  0:18  Supply Depot  
  14  0:25  SCV  
  15  0:39  SCV  
  15  0:41  Barracks  
  16  0:46  Refinery  
  16  0:52  SCV  
  17  1:04  SCV  
  18  1:16  SCV  
  19  1:28  Orbital Command  
  19  1:30  Reaper  
  20  1:41  Command Center  
  20  1:57  SCV  
  20  2:00  Supply Depot  
  21  2:02  Barracks Reactor  
  21  2:09  SCV  
  21  2:14  Barracks  
  22  2:17  Barracks  
  22  2:24  SCV  
  22  2:28  Barracks  
  23  2:38  Marine  
  23  2:39  Marine  
  25  2:56  Marine x2  
  27  3:00  Orbital Command  
  27  3:02  Barracks Tech Lab  
  27  3:04  Barracks Reactor  
  27  3:08  Engineering Bay  
  27  3:11  Bunker  
  27  3:15  Marine x2  
  27  3:16  Barracks Tech Lab  
  29  3:20  Refinery  
  29  3:24  Stimpack  
  29  3:27  SCV  
  29  3:30  SCV  
  29  3:33  Marine  
  32  3:34  Marine  
  32  3:39  Marauder  
  35  3:43  SCV  
  35  3:47  Terran Infantry Weapons Level 1  
  35  3:48  Marine  
  37  3:55  SCV  
  38  3:56  Missile Turret  
  38  4:01  Missile Turret  
  38  4:03  Marine  
  38  4:04  Marine x2  
  38  4:07  SCV  
  38  4:09  Marine x2  
  44  4:16  Supply Depot  
  44  4:18  Marauder  
  46  4:37  Marine x2, SCV  
  46  4:38  Marauder, Supply Depot  
  51  4:39  Supply Depot, Marine  
  51  4:44  Marauder  
  54  4:47  Marine  
  54  4:50  SCV  
  56  4:55  Marine x2  
  56  4:57  Marine  
  56  4:59  Marauder  
  61  5:05  Marauder, Marine  
  64  5:13  Marine  
  65  5:18  SCV  
  65  5:20  Marauder  
  68  5:23  Factory  
  68  5:24  Marine  
  69  5:30  SCV  
  70  5:39  Marine, Combat Shields  
  70  5:40  Marauder  
  74  5:42  SCV  
  74  5:44  Marine  
  74  5:45  Marauder  
  76  5:51  Marine  
  76  5:52  Marine  
  78  5:58  Marine  
  78  5:59  SCV  
  78  6:01  Marauder  
  78  6:11  Marauder  
  78  6:24  Marine  
  78  6:25  Factory Tech Lab  
  78  6:26  Marine  
  78  6:27  Marine  
  78  6:28  Marine  
  78  6:30  Starport  
  78  6:31  Marine  
  77  6:37  SCV, Missile Turret  
  78  6:45  Marine  
  78  6:47  Marine  
  78  6:53  Marine  
  78  7:04  Supply Depot  
  78  7:07  SCV x2  
  78  7:25  Marine, Supply Depot  
  78  7:26  Marauder x2, SCV  
  78  7:27  Supply Depot  
  84  7:30  Supply Depot  
  84  7:31  Supply Depot  
  84  7:33  Supply Depot  
  84  7:35  Supply Depot  
  84  7:38  SCV  
  84  7:39  Marine  
  86  7:45  Factory Tech Lab  
  86  7:46  Marine x2, Supply Depot  
  86  7:47  Marauder x2  
  86  7:48  Supply Depot  
  86  7:50  Marine  
  93  7:53  Raven  
  93  7:57  Marine  
  96  8:02  Terran Infantry Armor Level 1  
  96  8:03  SCV  
  96  8:04  Marine x2  
  99  8:05  Refinery  
  99  8:07  Refinery  
  99  8:09  Marauder  
  101  8:23  Marauder, Marine x3  
  101  8:26  Siege Tank  
  101  8:27  Marine  
  109  8:30  Marauder  
  112  8:35  SCV  
  112  8:36  Medivac  
  115  8:41  Marine x2  
  115  8:42  Supply Depot  
  115  8:45  Marauder, Marine x2  
  121  8:54  Marauder  
  123  8:59  Marine x2  
  125  9:03  Marine x2  
  125  9:06  Supply Depot, Marine  
  125  9:08  Medivac, Supply Depot  
  130  9:18  Marine x2  
  130  9:19  Marine  
  130  9:21  Marine  
  130  9:23  Marine  
  137  9:24  Marauder  
  137  9:36  Marine  
  120  9:38  Medivac  
  120  9:39  Marauder, Marine x2  
  97  10:05  Marine  
  97  10:06  Marauder, Marine x2  
  76  10:14  Raven  
  76  10:17  Marauder, Marine  
  76  10:19  SCV  
  82  10:23  Marine x2  
  82  10:24  Supply Depot, Marine  
  82  10:27  Marine  
  84  10:35  Marine  
  85  10:38  Marine  
  85  10:41  Marine x3  
  89  10:45  Marauder  
  91  10:52  Marine  
  91  10:56  Marine  
  93  10:57  Medivac  
  93  10:59  Marine x3  
  98  11:06  Marauder  
  98  11:10  Marine  
  99  11:14  Marauder  
  99  11:17  Marine x3  
  100  11:26  Siege Tank  
  100  11:28  Marauder, Marine  
  100  11:31  Raven  
  106  11:34  Marine  
  106  11:35  Marine x2  
  106  11:36  Marauder  
  101  11:58  Siege Tank  
  100  12:14  Medivac  
  78  12:24  Marauder, Marine x5  
  85  12:34  Siege Tank  
  88  12:41  Marine  
  88  12:42  Marine x3  
  88  12:43  Marauder  
  94  12:44  Medivac  
  94  12:45  Marine  
  94  12:46  Supply Depot  
  97  12:59  Marine x3  
  97  13:00  Marine  
  97  13:03  Marauder  
  102  13:06  Siege Tank  
  105  13:14  Raven  
  104  13:38  Siege Tank  
  103  13:56  Marauder, Marine x2  
  102  14:10  Siege Tank  
  105  14:25  Marine x2  
  105  14:26  Marauder  
  106  14:35  Marauder, Marine x2  
  110  14:42  Siege Tank  
  105  15:01  Marauder x2, Marine x4  
  113  15:14  Siege Tank  
  113  15:19  Marine x4  
  120  15:22  Marine  
  120  15:23  Marauder  
  123  15:37  Marine x4  
Tags
 
Add a new tag
Caveats
  • Supply blocks, unpowered buildings, or Contaminate may cause inaccurate times.
  • Supply counts are checked every 10 seconds.